 Dungeon Crawl Stone Soup version 0.29-a0-1016-g236c7fd91e (webtiles) character file.

Game seed: 4366534927296228299

55 zishaf the Sneak (level 3, 0/18 HPs)
             Began as a Vine Stalker Brigand on Aug 9, 2022.
             Slain by a hobgoblin
             ... wielding a +0 dagger
              (3 damage)
             ... on level 2 of the Dungeon.
             The game lasted 00:01:36 (1447 turns).

zishaf the Sneak (Vine Stalker Brigand)             Turns: 1447, Time: 00:01:37

Health: 0/18       AC:  3    Str: 13    XL:     3   Next: 93%
Magic:  0/4        EV: 12    Int: 11    God:
Gold:   19         SH:  0    Dex: 23    Spells: 2/2 levels left

rFire   . . .      SeeInvis .   a - +2 dagger
rCold   . . .      Faith    .   (no shield)
rNeg    . . .      Spirit   +   i - +0 robe
rPois   .          Reflect  .   (no helmet)
rElec   .          Harm     .   c - +0 cloak
rCorr   .          Rampage  .   (no gloves)
Will    .....                   (no boots)
Stlth   +++.......              (no amulet)
HPRegen 0.06/turn               f - +6 ring of dexterity
MPRegen 0.09/turn               (no ring)

@: no status effects
A: fangs 2, magic shield, antimagic bite, no potion heal 2
a: no special abilities


You were on level 2 of the Dungeon.
You visited 1 branch of the dungeon, and saw 2 of its levels.

You collected 19 gold pieces.

Inventory:

Hand Weapons
 a - a +2 dagger (weapon)
 b - a +0 sling
Missiles
 d - 9 poisoned darts (quivered)
 e - 3 curare-tipped darts
Armour
 c - a +0 cloak (worn)
 i - a +0 robe (worn)
Jewellery
 f - a +6 ring of dexterity (left hand)
Scrolls
 g - a scroll of brand weapon {unknown}
Potions
 h - a potion of ambrosia {unknown}


   Skills:
 + Level 2.3 Fighting
 + Level 2.3 Short Blades
 + Level 2.3 Throwing
 - Level 1.0 Dodging
 + Level 5.4 Stealth


You had 2 spell levels left.
You didn't know any spells.
Your spell library was empty.

Dungeon Overview and Level Annotations

Branches:
Dungeon (2/15)

Altars:


Innate Abilities, Weirdness & Mutations

You have extremely sharp teeth.
When hurt, damage is shared between your health and your magic reserves.
Your bite disrupts and absorbs the magic of your enemies.
Potions cannot restore your health.


Message History

You kill the rat!
No target in view!
No target in view!
No target in view!
A hobgoblin comes into view. It is wielding a +0 dagger.
The hobgoblin shouts!
You hit the hobgoblin.
The hobgoblin is lightly wounded.
You hear a shout!
The hobgoblin hits you with a +0 dagger.
You closely miss the hobgoblin. Your punch misses the hobgoblin.
The hobgoblin is lightly wounded.
The hobgoblin hits you with a +0 dagger.
You hit the hobgoblin.
The hobgoblin is moderately wounded.
You barely miss the hobgoblin.
The hobgoblin is moderately wounded.
The hobgoblin hits you with a +0 dagger.
You are too injured to fight recklessly!
You are too injured to fight recklessly!
You are too injured to fight recklessly!
You are too injured to fight recklessly!
You barely miss the hobgoblin. Your bite misses the hobgoblin.
The hobgoblin is moderately wounded.
The hobgoblin hits you with a +0 dagger.
You hit the hobgoblin but do no damage.
The hobgoblin is moderately wounded.
The hobgoblin hits you with a +0 dagger.
* * * LOW HITPOINT WARNING * * *
A hobgoblin comes into view.
You hit the hobgoblin.
You bite the hobgoblin, but do no damage.
The hobgoblin is heavily wounded.
The hobgoblin barely misses you.
You hit the hobgoblin but do no damage.
The hobgoblin is heavily wounded.
The hobgoblin misses you. The hobgoblin attacks as you move away!
The hobgoblin hits you with a +0 dagger.
You die...

# .# #.##
####g..#
#..@g#
#.##...# #.#
#.# #.## #.#
#.# .# #.#
#.# . #.#
######†####.#
#.#
#...........#
#.#
#.####.######
#.# #.# #.#


You could see 2 hobgoblins.

Vanquished Creatures
  An adder (D:2)
  A worm (D:2)
  A dart slug (D:1)
  4 ball pythons
  4 endoplasms (D:1)
  2 giant cockroaches (D:1)
  5 goblins (D:1)
  2 hobgoblins
  4 jackals (D:1)
  2 quokkas (D:1)
  3 bats (D:1)
  A frilled lizard (D:2)
  A kobold (D:1)
  5 rats
36 creatures vanquished.

Notes
Turn   | Place    | Note
-------+----------+-------------------------------------------
     0 | D:1      | zishaf the Vine Stalker Brigand began the quest for the
                  | Orb.
     0 | D:1      | Reached XP level 1. HP: 11/11 MP: 2/2
   319 | D:1      | Reached skill level 1 in Dodging
   319 | D:1      | Reached XP level 2. HP: 15/15 MP: 3/3
   329 | D:1      | Reached skill level 5 in Stealth
   352 | D:1      | Found a faded altar of an unknown god.
   612 | D:1      | Reached XP level 3. HP: 18/18 MP: 4/4
  1447 | D:2      | Slain by a hobgoblin

Illustrated notes

Levels and vault maps discovered:
D:1:      psy_arrival_statuary, layout_loops_ring, ebering_ecumenical_altar_mist
D:2:      layout_loops_ring, minmay_tiny_reverse_x, uniq_jessica

Skill      XL: |  1  2 |
---------------+-------+-----
Dodging        | 1 |  1.0
Stealth        | 5 |  5.4
Fighting       | 2 |  2.3
Throwing       | 2 |  2.3
Short Blades   | 2 |  2.3

Action                   || total
-------------------------++-------
Melee: Dagger            ||    65
       Bite              ||    11
 Fire: Sling             ||    23
 Stab: Sleeping          ||    10
       Distracted        ||     1
Armor: Robe              ||    13
Dodge: Dodged            ||    23

Table legend: (Time is in decaauts)
 A = Elapsed time spent in this place.
 B = Non-inter-level travel time spent in this place.
 C = Inter-level travel time spent in this place.
 D = Time resting spent in this place.
 E = Time spent auto-exploring this place.
 F = Levels seen in this place.
 G = Mean time per level.
                   A        B        C        D        E       F      G
               +--------+--------+--------+--------+--------+-----+--------+
         Total |   1444 |   1318 |    126 |    246 |    852 |   2 |  722.0 |
       Dungeon |   1444 |   1318 |    126 |    246 |    852 |   2 |  722.0 |
               +--------+--------+--------+--------+--------+-----+--------+

Top non-repeatable levels by time:
     D:1: 1247 daAuts
     D:2: 197 daAuts
